 Dungeon Crawl Stone Soup version 0.31.0-11-ge490571c62 (webtiles) character file.

Game seed: 6549131195728282367

491 qw the Ducker (level 6, -9/32 HPs)
             Began as a Spriggan Hunter on Feb 3, 2024.
             Killed from afar by Ijyb (10 damage)
             ... with a puff of flame
             ... on level 4 of the Dungeon.
             The game lasted 00:00:17 (2958 turns).

qw the Ducker (Spriggan Hunter)                     Turns: 2958, Time: 00:00:18

Health: -9/32      AC:  2    Str:  7    XL:     6   Next: 91%
Magic:  7/7        EV: 22    Int: 11    God:
Gold:   243        SH:  0    Dex: 20    Spells: 5/5 levels left

rFire   . . .        a - +0 shortbow
rCold   . . .        (shield currently unavailable)
rNeg    . . .        c - +0 robe
rPois   .            (helmet restricted)
rElec   .            (no cloak)
rCorr   .            (gloves unavailable)
SInv    +            (boots unavailable)
Will    +....        (no amulet)
Stlth   ++           (no ring)
HPRegen 0.25/turn    (no ring)
MPRegen 0.10/turn

%: no passive effects
@: about to teleport, very quick
A: very small, no large weapons, unfitting armour, see invisible, speed 3
a: no special abilities


You were on level 4 of the Dungeon.
You visited 1 branch of the dungeon, and saw 4 of its levels.

You collected 243 gold pieces.


Innate Abilities, Weirdness & Mutations

You are very small and have problems with some larger weapons.
You are too small for most types of armour.
You have supernaturally acute eyesight. (SInv)
You cover ground extremely quickly. (Speed+++)


   Skills:
 - Level 3.0 Fighting
 + Level 6.0 Ranged Weapons
 - Level 6.7 Dodging
 - Level 1.5 Stealth


You had 5 spell levels left.
You didn't know any spells.
Your spell library was empty.

Inventory:

Hand Weapons
 a - a +0 shortbow (weapon)
Armour
 c - a +0 robe (worn)
Wands
 e - a wand of mindburst (18)
 f - a wand of paralysis (13)
Scrolls
 b - a scroll of acquirement {unknown}
 g - a scroll of identify
 h - 2 scrolls of vulnerability {unknown}
Potions
 d - a potion of curing
 j - a potion of haste
 l - a potion of degeneration {unknown}

Dungeon Overview and Level Annotations

Branches:
Dungeon (4/15)
 Temple: D:4-7

Altars:

Annotations:
D:2 1 runed translucent door, Crazy Yiuf
D:4 Ijyb


Message History

Enter note: You start resting.
A goblin is nearby!
2920 ||| FLEEEEING.
You start resting.
A goblin is nearby!
You shoot an arrow. The arrow hits the goblin!
You kill the goblin!
You start resting.
HP restored.
You see here a +0 dagger.
There is an open gate here.
You see here 3 javelins.
You shoot an arrow. The arrow closely misses Ijyb.
You shoot an arrow. The arrow barely misses Ijyb.
Ijyb zaps a wand.
The puff of flame hits you!
You shoot an arrow. The arrow barely misses Ijyb.
Ijyb hits you with a +5 club.
You shoot an arrow. The arrow hits Ijyb!
Ijyb is moderately wounded.
Ijyb closely misses you.
You shoot an arrow. The arrow closely misses Ijyb.
Ijyb hits you with a +5 club.
You shoot an arrow. The arrow hits Ijyb but does no damage.
Ijyb is moderately wounded.
Ijyb hits you with a +5 club.
You shoot an arrow. The arrow hits Ijyb.
Ijyb is severely wounded.
Ijyb zaps a wand.
The puff of flame hits you!
2956 ||| READING scroll of teleportation.
As you read the scroll of teleportation, it crumbles to dust.
You feel strangely unstable. Ijyb screams, "I no like you!"
Ijyb closely misses you.
You shoot an arrow. The arrow barely misses Ijyb.
Ijyb zaps a wand.
The puff of flame hits you! Ijyb misses you.
You shoot an arrow. The arrow hits Ijyb.
Ijyb is severely wounded.
Ijyb zaps a wand.
The puff of flame hits you!
You die...

############*###*
#......#...#..~~##
#......'...'..~~~#
#...g@.#...#..~~~##
#''##..#########~~#
#..,#.).....(..#~~##
#.$,#..........'...##
#g.,#..........'....#
#.),#......)).%'..).#
#..,#..........#~~#.#
#g.,#..#########~~#.#
*,,,#..#...#..~~~##.#


You could see Ijyb.

Vanquished Creatures
  A black bear (D:4)
  An ice beast (D:3)
  A bombardier beetle (D:3)
  A hound (D:4)
  2 iguanas (D:4)
  An orc wizard (D:4)
  6 adders
  3 gnolls (D:4)
  A ribbon worm (D:2)
  15 orcs
  3 ball pythons
  2 endoplasms
  A giant cockroach (D:1)
  13 goblins
  5 hobgoblins
  5 jackals
  A quokka (D:4)
  6 bats
  2 frilled lizards
  3 kobolds
  8 rats
81 creatures vanquished.

Notes
Turn   | Place    | Note
-------+----------+-------------------------------------------
     0 | D:1      | qw the Spriggan Hunter began the quest for the Orb.
     0 | D:1      | Reached XP level 1. HP: 10/10 MP: 2/2
     0 | D:1      | 0 ||| qw: Version: 0.3-a-157-g843a77d
     0 | D:1      | 0 ||| qw: Game counter: 3882
     0 | D:1      | 0 ||| qw: Melee chars always use a shield: true
     0 | D:1      | 0 ||| qw: God list: Okawaru
     0 | D:1      | 0 ||| qw: Allow faded altars: false
     0 | D:1      | 0 ||| qw: Do Orc after clearing Dungeon:15 true
     0 | D:1      | 0 ||| qw: Do second Lair branch before Depths: true
     0 | D:1      | 0 ||| qw: Lair rune preference: random
     0 | D:1      | 0 ||| qw: Goals: Normal
     0 | D:1      | 0 ||| PLANNING D:1-11
    97 | D:1      | Reached skill level 3 in Dodging
   446 | D:1      | Reached XP level 2. HP: 14/14 MP: 3/3
   566 | D:1      | 566 ||| READING scroll labelled TODOCK FI WEQ.
   569 | D:1      | 569 ||| READING scroll labelled QEOMONLEUT.
   569 | D:1      | 569 ||| ENCHANTING +0 shortbow.
   570 | D:1      | 570 ||| READING scroll labelled BUVVOA EDUE.
   571 | D:1      | 571 ||| READING scroll labelled CIUTIBU MIAPRE.
   572 | D:1      | 572 ||| READING scroll labelled UPNUJOJEKA.
   573 | D:1      | 573 ||| DROPPING scroll of butterflies.
   602 | D:2      | 602 ||| FLEEEEING.
   603 | D:2      | 603 ||| STAIRDANCE
   761 | D:2      | Reached XP level 3. HP: 9/18 MP: 4/4
   962 | D:2      | Found a runed translucent door.
   963 | D:2      | Noticed Crazy Yiuf
  1293 | D:2      | 1293 ||| READING 2 scrolls labelled PUOPUXZ BEER.
  1293 | D:2      | 1293 ||| IDENTIFYING scroll labelled JEAHAH XUESEDD
  1294 | D:2      | 1294 ||| DROPPING scroll of fog.
  1347 | D:3      | Reached XP level 4. HP: 22/22 MP: 5/5
  1379 | D:3      | 1379 ||| RETREEEEATING.
  1380 | D:3      | 1380 ||| RETREEEEATING.
  1392 | D:3      | HP: 3/22 [orc/+0 club (3)]
  1447 | D:3      | 1447 ||| FLEEEEING.
  1449 | D:3      | 1449 ||| FLEEEEING.
  1450 | D:3      | 1450 ||| FLEEEEING.
  1451 | D:3      | 1451 ||| FLEEEEING.
  1454 | D:3      | 1454 ||| FLEEEEING.
  1455 | D:3      | 1455 ||| FLEEEEING.
  1456 | D:3      | 1456 ||| FLEEEEING.
  1457 | D:3      | 1457 ||| FLEEEEING.
  1458 | D:3      | 1458 ||| FLEEEEING.
  1459 | D:3      | 1459 ||| FLEEEEING.
  1460 | D:3      | 1460 ||| FLEEEEING.
  1461 | D:3      | 1461 ||| FLEEEEING.
  1462 | D:3      | 1462 ||| FLEEEEING.
  1463 | D:3      | 1463 ||| FLEEEEING.
  1464 | D:3      | 1464 ||| FLEEEEING.
  1465 | D:3      | 1465 ||| FLEEEEING.
  1466 | D:3      | 1466 ||| FLEEEEING.
  1468 | D:3      | 1468 ||| FLEEEEING.
  1469 | D:3      | 1469 ||| FLEEEEING.
  1470 | D:3      | 1470 ||| FLEEEEING.
  1688 | D:3      | Noticed an ice beast
  1690 | D:3      | 1690 ||| ZAPPING wand of mindburst (23) at -5,5 (ice beast;
                  | floor).
  1691 | D:3      | 1691 ||| ZAPPING wand of mindburst (22) at -4,4 (ice beast;
                  | floor).
  1691 | D:3      | Killed an ice beast
  1692 | D:3      | Reached skill level 3 in Fighting
  1692 | D:3      | Reached XP level 5. HP: 28/28 MP: 6/6
  2039 | D:3      | 2039 ||| READING 3 scrolls of identify.
  2039 | D:3      | 2039 ||| IDENTIFYING dark potion
  2040 | D:3      | 2040 ||| READING 2 scrolls of identify.
  2040 | D:3      | 2040 ||| IDENTIFYING bubbling orange potion
  2041 | D:3      | 2041 ||| READING scroll of identify.
  2041 | D:3      | 2041 ||| IDENTIFYING clear potion
  2042 | D:3      | 2042 ||| READING 4 scrolls labelled MOARAC ARAE.
  2043 | D:3      | 2043 ||| DRINKING 2 lumpy clear potions.
  2075 | D:3      | 2075 ||| DROPPING 3 scrolls of poison.
  2076 | D:3      | 2076 ||| DROPPING potion of magic.
  2077 | D:3      | 2077 ||| DROPPING potion of lignification.
  2217 | D:4      | Reached XP level 6. HP: 17/32 MP: 7/7
  2217 | D:4      | 2217 ||| FLEEEEING.
  2220 | D:4      | 2220 ||| FLEEEEING.
  2221 | D:4      | 2221 ||| FLEEEEING.
  2222 | D:4      | 2222 ||| FLEEEEING.
  2223 | D:4      | 2223 ||| FLEEEEING.
  2224 | D:4      | 2224 ||| FLEEEEING.
  2225 | D:4      | 2225 ||| FLEEEEING.
  2226 | D:4      | 2226 ||| FLEEEEING.
  2227 | D:4      | 2227 ||| FLEEEEING.
  2228 | D:4      | 2228 ||| FLEEEEING.
  2229 | D:4      | 2229 ||| FLEEEEING.
  2230 | D:4      | 2230 ||| FLEEEEING.
  2231 | D:4      | 2231 ||| FLEEEEING.
  2232 | D:4      | 2232 ||| FLEEEEING.
  2234 | D:4      | 2234 ||| FLEEEEING.
  2235 | D:4      | 2235 ||| FLEEEEING.
  2236 | D:4      | 2236 ||| FLEEEEING.
  2238 | D:4      | 2238 ||| FLEEEEING.
  2243 | D:4      | 2243 ||| FLEEEEING.
  2245 | D:4      | 2245 ||| FLEEEEING.
  2246 | D:4      | 2246 ||| FLEEEEING.
  2247 | D:4      | 2247 ||| FLEEEEING.
  2248 | D:4      | 2248 ||| FLEEEEING.
  2249 | D:4      | 2249 ||| FLEEEEING.
  2250 | D:4      | 2250 ||| FLEEEEING.
  2251 | D:4      | 2251 ||| FLEEEEING.
  2252 | D:4      | 2252 ||| FLEEEEING.
  2253 | D:4      | 2253 ||| FLEEEEING.
  2258 | D:4      | 2258 ||| STAIRDANCE
  2491 | D:4      | 2491 ||| FLEEEEING.
  2492 | D:4      | 2492 ||| FLEEEEING.
  2494 | D:4      | 2494 ||| FLEEEEING.
  2497 | D:4      | 2497 ||| FLEEEEING.
  2499 | D:4      | 2499 ||| FLEEEEING.
  2500 | D:4      | 2500 ||| FLEEEEING.
  2545 | D:4      | 2545 ||| READING scroll labelled JIUMICHELER.
  2558 | D:4      | Reached skill level 6 in Ranged Weapons
  2851 | D:4      | 2851 ||| ZAPPING wand of mindburst (21) at 0,-1 (black
                  | bear; floor).
  2852 | D:4      | 2852 ||| ZAPPING wand of mindburst (20) at 0,-1 (black
                  | bear; floor).
  2853 | D:4      | 2853 ||| ZAPPING wand of mindburst (19) at 0,-1 (black
                  | bear; floor).
  2854 | D:4      | Reached skill level 6 in Dodging
  2898 | D:4      | Noticed Ijyb
  2900 | D:4      | 2900 ||| FLEEEEING.
  2903 | D:4      | 2903 ||| FLEEEEING.
  2904 | D:4      | 2904 ||| FLEEEEING.
  2906 | D:4      | 2906 ||| FLEEEEING.
  2907 | D:4      | 2907 ||| FLEEEEING.
  2908 | D:4      | 2908 ||| FLEEEEING.
  2909 | D:4      | 2909 ||| FLEEEEING.
  2910 | D:4      | 2910 ||| FLEEEEING.
  2911 | D:4      | 2911 ||| FLEEEEING.
  2912 | D:4      | 2912 ||| FLEEEEING.
  2913 | D:4      | 2913 ||| FLEEEEING.
  2914 | D:4      | 2914 ||| FLEEEEING.
  2915 | D:4      | 2915 ||| FLEEEEING.
  2916 | D:4      | 2916 ||| FLEEEEING.
  2917 | D:4      | 2917 ||| FLEEEEING.
  2918 | D:4      | 2918 ||| FLEEEEING.
  2920 | D:4      | 2920 ||| FLEEEEING.
  2955 | D:4      | HP: 8/32 [Ijyb/puff of flame (7)]
  2956 | D:4      | 2956 ||| READING scroll of teleportation.
  2957 | D:4      | HP: 1/32 [Ijyb/puff of flame (7)]
  2958 | D:4      | Killed from afar by Ijyb

Levels and vault maps discovered:
D:1:      giann_wishing_wells, layout_basic
D:2:      layout_basic, uniq_crazy_yiuf_cottage
D:3:      layout_basic, hangedman_abyss_or_decor_lesser_grid,
          nicolae_elevator_lobby_plus
D:4:      kennysheep_goblin_castle, layout_loops_ring, serial_aquarium,
          aquarium_bridge_square [aquarium_subvault_window,
          aquarium_subvault_wall, aquarium_subvault_bridge,
          aquarium_subvault_wall], aquarium_bridge_square
          [aquarium_subvault_window, aquarium_subvault_bridge,
          aquarium_subvault_bridge, aquarium_subvault_bridge],
          aquarium_window_corridor_1, aquarium_window_fake, aquarium_window_1,
          aquarium_view_2c, aquarium_view_2c, aquarium_balcony_1a,
          kennysheep_windowed_goal

Skill      XL: |  1  2  3  4  5  6 |
---------------+-------------------+-----
Dodging        | 3 4 5 6 |  6.7
Ranged Weapons | 5 6 |  6.0
Fighting       | 3 |  3.0
Stealth        | |  1.5

Action                     |  1- 3 |  4- 6 || total
---------------------------+-------+-------++-------
   Fire: Shortbow          |   104 |   177 ||   281
  Evoke: Wand              |       |     5 ||     5
    Use: Scroll            |     6 |     6 ||    12
         Potion            |       |     1 ||     1
 Armour: Robe              |    12 |    40 ||    52
  Dodge: Dodged            |    51 |    93 ||   144

Table legend:
 A = Non-vault XP
 B = Vault XP
 C = Vault XP percentage of total XP
 D = Non-vault monster count
 E = Vault monster count
 F = Vault count percentage of total count
                 A         B        C        D         E       F
            +---------+---------+-------+---------+---------+-------
      Total |     555 |     147 |  20.9 |      70 |      11 |  13.6
            +---------+---------+-------+---------+---------+-------
        D:1 |      16 |       0 |   0.0 |      12 |       0 |   0.0
        D:2 |      76 |       0 |   0.0 |      16 |       0 |   0.0
        D:3 |     233 |       0 |   0.0 |      19 |       0 |   0.0
        D:4 |     230 |     147 |  39.0 |      23 |      11 |  32.4
            +---------+---------+-------+---------+---------+-------
